Map: Templo óseo EE

Players

MrFercho

  • Race: Zerg Zerg
  • League: Silver
  • Spawn Location: 6:00

tigro

  • Race: Terran Terran
  • League: Bronze
  • Spawn Location: 7:00

TATORREA

  • Race: Protoss Protoss
  • League: Gold
  • Spawn Location: 7:00

Cassiopeia - Winner!

  • Race: Terran Terran
  • Spawn Location: 3:00

AngryNacho - Winner!

  • Race: Protoss Protoss
  • Spawn Location: 12:00

Thrawn - Winner!

  • Race: Protoss Protoss
  • Spawn Location: 1:00

VOD

Have the link to the VOD?

Description

Time

  • Played on: July 18, 2020, 9:16 p.m.
  • Length: 15:24
Show
View Real Time Build Order
Export as new Build Order

MrFercho Zerg 

Build Orders: Hatch First, Lurkers 

Get SALT Encoding   

  12  0:01  Drone  
  13  0:13  Overlord  
  13  0:26  Drone  
  14  0:31  Drone x2  
  16  0:54  Drone  
  16  0:55  Hatchery  
  16  0:56  Drone  
  17  1:00  Drone  
  18  1:08  Extractor  
  17  1:16  Spawning Pool  
  16  1:19  Drone  
  17  1:29  Drone  
  18  1:34  Drone  
  19  1:44  Overlord  
  19  1:55  Drone  
  20  2:04  Drone  
  21  2:12  Queen x2  
  21  2:14  Drone x2  
  27  2:18  Drone  
  27  2:19  Metabolic Boost  
  28  2:24  Drone  
  29  2:30  Drone  
  30  2:43  Drone x2  
  32  2:56  Drone x2  
  32  2:57  Drone  
  35  3:02  Lair  
  35  3:03  Drone  
  36  3:18  Overlord x3  
  36  3:37  Zergling x2  
  36  3:38  Zergling x8  
  36  3:40  Hatchery  
  40  3:52  Baneling Nest  
  40  3:53  Drone x5  
  44  4:04  Drone x5  
  49  4:27  Zergling x12  
  49  4:30  Overlord  
  55  4:41  Hatchery  
  55  4:45  Hatchery, Drone x2  
  55  4:59  Evolution Chamber  
  54  5:00  Centrifical Hooks  
  54  5:02  Evolution Chamber  
  54  5:03  Zergling x2  
  54  5:04  Zergling x8  
  58  5:26  Zergling x2  
  58  5:27  Zergling x16  
  67  5:37  Zerg Ground Armor Level 1  
  67  5:44  Extractor  
  67  5:45  Extractor  
  67  5:48  Drone x3  
  68  5:50  Drone x3  
  68  5:51  Overlord x2  
  68  5:52  Overlord  
  71  6:03  Queen  
  73  6:06  Drone x2  
  73  6:07  Drone x7  
  73  6:08  Zergling x2  
  83  6:22  Zergling x16  
  91  6:26  Baneling x9  
  91  6:27  Baneling x3  
  91  6:39  Zerg Melee Weapons Level 1  
  91  6:49  Overlord  
  91  6:50  Overlord x2  
  91  6:52  Zergling x28  
  91  6:53  Zergling x2  
  73  7:23  Zergling x22  
  73  7:24  Zergling x16  
  91  7:39  Drone x3  
  91  7:40  Drone x4  
  98  7:45  Extractor  
  97  7:53  Drone x4  
  97  7:54  Drone  
  102  8:02  Infestation Pit  
  78  8:56  Hive  
  78  8:59  Burrow  
  75  9:17  Extractor  
  75  9:18  Extractor  
  66  9:31  Zerg Ground Armor Level 2  
  66  9:32  Zerg Missile Weapons Level 1  
  65  9:43  Hydralisk Den  
  64  9:50  Nydus Network  
  63  10:33  Hydralisk x17  
  63  10:34  Hydralisk x10  
  117  10:41  Grooved Spines  
  117  10:52  Lurker Den  
  116  11:07  Hydralisk  
  116  11:09  Overlord x11  
  118  11:23  Spire  
  117  11:26  Zerg Melee Weapons Level 2  
  117  11:48  Zerg Missile Weapons Level 2  
  117  11:52  Seismic Spines, Muscular Augments  
  117  11:57  Hatchery  
  117  11:58  Hydralisk x5  
  117  11:59  Hydralisk x22  
  170  12:20  Hydralisk x11  
  192  12:37  Overseer  
  180  12:40  Lurker x7  
  179  12:50  Adaptive Talons  
  145  14:22  Hydralisk  
  145  14:23  Hydralisk x17  
  143  14:38  Hydralisk x3  
Show
View Real Time Build Order
Export as new Build Order

tigro Terran 

Build Orders:  

Get SALT Encoding   

  12  0:03  SCV  
  13  0:15  SCV  
  14  0:27  SCV  
  15  0:35  Supply Depot  
  15  0:36  Refinery  
  15  0:56  SCV  
  16  0:57  Supply Depot  
  16  1:03  Barracks  
  16  1:08  SCV  
  17  1:12  Refinery  
  17  1:20  SCV  
  18  1:33  SCV  
  19  1:42  Engineering Bay  
  19  1:45  SCV  
  20  1:55  Marine  
  20  1:57  SCV  
  22  2:12  Marine  
  22  2:15  Factory, SCV  
  24  2:27  SCV  
  25  2:30  Marine  
  26  2:48  Marine  
  27  3:03  Barracks  
  27  3:06  Marine  
  28  3:26  Factory Tech Lab  
  28  3:29  Barracks Tech Lab  
  28  3:33  Terran Infantry Weapons Level 1  
  28  3:47  Orbital Command  
  28  3:54  Barracks Reactor  
  28  3:59  Command Center  
  28  4:02  Siege Tank  
  31  4:22  Combat Shield  
  31  5:03  Missile Turret  
  31  5:12  Refinery  
  31  5:15  SCV  
  32  5:27  SCV, Missile Turret  
  32  5:28  Terran Infantry Armor Level 1  
  33  5:40  SCV  
  33  5:41  Stimpack  
  33  5:42  Starport  
  34  5:47  Missile Turret  
  34  5:51  Siege Tank  
  34  5:52  SCV  
  38  6:04  SCV  
  39  6:08  Missile Turret  
  39  6:10  Refinery  
  39  6:16  SCV  
  40  6:20  Medivac, Starport  
  42  6:26  Marine x3  
  42  6:28  SCV  
  46  6:35  Missile Turret  
  46  6:40  SCV  
  46  6:44  Marine  
  48  6:53  Marine x2  
  50  7:01  Marine  
  50  7:07  Missile Turret  
  51  7:11  Marine x2  
  53  7:19  Marine  
  53  7:22  Hi-Sec Auto Tracking  
  54  7:29  Marine x2  
  56  7:37  Marine  
  57  7:46  Marine  
  57  7:47  Marine  
  59  7:53  Supply Depot  
  59  7:55  Marine  
  60  8:04  Marine x2  
  49  8:13  Marine  
  49  8:15  Supply Depot  
  49  8:19  Neosteel Armor  
  50  8:22  Marine x2  
  52  8:30  Marine  
  53  8:38  Supply Depot  
  53  8:40  Marine x2  
  55  8:58  Marine  
  55  9:01  Supply Depot  
  50  10:26  Missile Turret  
  50  10:27  Missile Turret  
  50  10:28  Missile Turret x2  
  50  10:29  Missile Turret  
  50  10:30  Missile Turret  
  50  10:34  Missile Turret  
  50  10:45  Missile Turret  
  50  10:49  Missile Turret  
  50  10:51  Missile Turret x2  
  50  10:53  Missile Turret  
  50  10:54  Missile Turret  
  50  10:55  Missile Turret  
  50  11:08  Missile Turret  
  50  11:10  Missile Turret  
  50  11:12  Missile Turret  
  50  11:15  Missile Turret  
  50  11:18  Missile Turret  
  50  11:27  Missile Turret  
  50  11:32  Missile Turret  
  50  11:37  Missile Turret  
Show
View Real Time Build Order
Export as new Build Order

TATORREA Protoss 

Build Orders: Carriers 

Get SALT Encoding   

  12  0:01  Probe  
  13  0:14  Probe  
  14  0:26  Pylon  
  14  0:30  Probe  
  15  0:44  Probe  
  16  0:54  Gateway  
  16  0:57  Probe  
  17  1:08  Assimilator  
  17  1:09  Probe  
  18  1:21  Probe  
  19  1:32  Pylon  
  19  1:43  Zealot  
  19  1:52  Nexus  
  21  1:54  Pylon  
  21  1:56  Probe  
  21  2:01  Zealot  
  24  2:19  Cybernetics Core  
  24  2:50  Probe  
  25  2:59  Assimilator  
  25  3:02  Gateway  
  25  3:04  Gateway  
  25  3:18  Probe  
  26  3:30  Probe x2  
  28  3:37  Gateway  
  28  3:39  Twilight Council  
  28  3:40  Stalker  
  28  3:41  Warp Gate  
  30  3:42  Probe x2  
  30  3:43  Assimilator  
  32  3:54  Probe x2  
  34  3:58  Stargate  
  34  4:06  Probe x2  
  34  4:09  Charge  
  36  4:18  Sentry, Probe x2  
  40  4:26  Probe x2  
  40  4:28  Assimilator  
  42  4:34  Probe x2  
  44  4:44  Stalker  
  44  4:45  Probe x2  
  48  4:57  Probe x2  
  48  4:59  Fleet Beacon  
  50  5:02  Pylon  
  50  5:06  Pylon  
  50  5:09  Probe x2  
  52  5:30  Nexus  
  52  5:31  Pylon  
  52  5:34  Probe  
  52  5:35  Pylon, Probe  
  54  5:43  Blink  
  54  5:46  Probe  
  54  5:47  Probe  
  56  5:55  Tempest  
  61  6:06  Probe  
  61  6:07  Probe  
  61  6:08  Stargate  
  61  6:11  Stargate  
  63  6:15  Protoss Air Weapons Level 1  
  63  6:18  Probe  
  63  6:19  Probe  
  65  6:30  Probe  
  65  6:31  Probe  
  67  6:38  Carrier  
  73  6:42  Probe  
  73  6:43  Assimilator, Probe x2  
  76  6:48  Assimilator  
  76  6:54  Pylon  
  76  6:55  Probe x2  
  76  6:56  Probe  
  79  7:01  Tempest  
  79  7:05  Phoenix  
  79  7:07  Probe  
  79  7:08  Probe x2  
  89  7:19  Probe  
  89  7:20  Probe x2  
  92  7:24  Nexus  
  92  7:26  Pylon  
  92  7:30  Pylon  
  92  7:31  Probe  
  92  7:32  Probe x2  
  95  7:39  Carrier  
  101  7:59  Protoss Air Weapons Level 2  
  101  8:01  Pylon  
  101  8:04  Pylon  
  101  8:05  Carrier  
  107  8:07  Pylon  
  107  8:08  Tempest  
  107  8:11  Pylon  
  112  8:17  Assimilator  
  112  8:26  Assimilator  
  112  8:29  Probe  
  112  8:30  Probe x2  
  115  8:40  Probe  
  116  8:42  Probe  
  116  8:44  Carrier  
  123  8:51  Phoenix, Probe x2  
  123  8:52  Probe  
  128  9:02  Pylon  
  128  9:08  Cybernetics Core  
  128  9:09  Phoenix  
  130  9:19  Carrier  
  130  9:21  Pylon  
  130  9:23  Pylon  
  136  9:29  Pylon  
  136  9:30  Pylon  
  136  9:34  Tempest  
  136  9:36  Gateway x2  
  141  9:39  Gateway, Zealot x4  
  141  9:40  Gateway  
  141  9:42  Gateway  
  141  9:43  Gateway  
  149  9:45  Gateway  
  149  9:48  Carrier  
  155  10:17  Tempest  
  159  10:23  Carrier  
  147  10:50  Nexus  
  147  10:52  Tempest  
  147  10:54  Pylon  
  147  10:57  Pylon  
  152  11:00  Pylon  
  152  11:01  Zealot x3  
  152  11:02  Zealot x2  
  152  11:03  Pylon, Zealot  
  164  11:05  Pylon  
  164  11:10  Pylon  
  164  11:12  Carrier  
  164  11:13  Pylon  
  164  11:16  Pylon  
  164  11:27  Tempest  
  164  11:30  Zealot  
  164  11:31  Zealot  
  173  11:33  Nexus  
  173  11:35  Carrier  
  173  11:36  Pylon  
  173  11:38  Pylon  
  173  11:39  Protoss Air Armor Level 1  
  179  11:43  Protoss Air Weapons Level 3  
  132  12:06  Carrier  
  132  12:07  Tempest  
  100  12:08  Stalker x2  
  100  12:09  Stalker x3  
  100  12:10  Stalker x4  
  129  12:29  Tempest  
  129  12:34  Stalker x2  
  129  12:35  Stalker  
  135  12:37  Stalker  
  135  12:38  Carrier  
  148  13:01  Zealot  
  148  13:02  Carrier, Zealot x5  
  148  13:03  Zealot x3  
  148  13:04  Tempest  
  111  13:27  Anion Pulse-Crystals  
  111  13:28  Carrier  
  100  13:43  Phoenix  
  108  14:00  Phoenix  
  108  14:02  Phoenix  
  112  14:21  Phoenix  
  112  14:23  Phoenix  
  104  14:31  Phoenix  
  84  14:46  Phoenix  
  84  14:48  Phoenix  
  82  14:56  Phoenix  
Show
View Real Time Build Order
Export as new Build Order

Cassiopeia Terran - Winner!

Build Orders:  

Get SALT Encoding   

  12  0:03  SCV  
  13  0:20  Supply Depot  
  13  0:22  SCV  
  14  0:34  SCV  
  15  0:43  Refinery  
  15  0:46  SCV  
  16  1:15  Refinery  
  16  1:16  SCV  
  17  1:25  Barracks  
  17  1:41  Supply Depot, SCV  
  18  1:53  SCV  
  19  2:05  SCV  
  20  2:15  Barracks Reactor  
  20  2:17  Command Center  
  20  2:28  Factory  
  20  2:30  SCV  
  21  2:42  SCV  
  22  2:55  Marine  
  22  2:56  Marine  
  24  3:10  Engineering Bay  
  24  3:13  Marine x2  
  24  3:14  Factory Tech Lab  
  26  3:21  Starport  
  26  3:31  Marine x2  
  28  3:35  SCV  
  29  3:44  Armory  
  29  3:47  SCV  
  30  3:51  Supply Depot  
  30  3:57  Planetary Fortress  
  30  4:10  Bunker  
  30  4:18  Starport Reactor  
  30  4:22  Orbital Command  
  30  4:32  Supply Depot  
  30  4:41  SCV  
  31  4:53  SCV  
  31  4:54  Missile Turret  
  32  5:02  Viking  
  34  5:10  Missile Turret  
  34  5:17  Supply Depot  
  34  5:22  Terran Vehicle And Ship Armor Level 1  
  34  5:23  Hi-Sec Auto Tracking  
  34  5:33  Supply Depot  
  34  5:42  Missile Turret  
  34  5:45  Siege Tank  
  37  5:58  Viking  
  39  6:05  Missile Turret  
  39  6:16  Missile Turret  
  39  6:19  SCV  
  40  6:31  SCV  
  40  6:32  Siege Tank  
  44  6:34  Viking  
  46  6:43  Missile Turret  
  46  6:48  Viking  
  46  6:53  Neosteel Armor  
  46  7:27  SCV  
  47  7:39  SCV  
  48  7:51  Starport  
  48  8:12  Bunker  
  48  8:17  Marine  
  48  8:18  Marine  
  50  8:21  Siege Tank  
  53  8:35  Marine x2  
  55  8:42  Starport Reactor  
  55  8:48  Starport  
  55  8:53  Marine x2, Siege Tank  
  60  8:56  Terran Ship Weapons Level 1  
  60  8:58  Terran Infantry Armor Level 1  
  60  9:09  Missile Turret  
  60  9:11  Marine x2  
  62  9:27  Starport Reactor  
  62  9:29  Marine x2  
  64  9:32  Starport  
  64  9:35  SCV  
  65  9:41  Refinery  
  65  9:45  Refinery  
  65  9:47  SCV  
  66  9:59  SCV  
  67  10:02  Viking x4  
  75  10:11  SCV  
  74  11:27  Starport Tech Lab  
  74  11:34  Missile Turret  
  74  11:39  Viking x5  
  84  11:40  Viking  
  84  11:43  Terran Infantry Weapons Level 1  
  84  11:45  Terran Vehicle And Ship Armor Level 2  
  84  12:18  Viking  
  84  12:19  Viking x4  
  94  12:30  Viking x2  
  94  12:36  Supply Depot  
  98  12:48  Viking  
Show
View Real Time Build Order
Export as new Build Order

AngryNacho Protoss - Winner!

Build Orders:  

Get SALT Encoding   

  12  0:01  Probe  
  13  0:09  Probe  
  14  0:17  Probe  
  15  0:29  Pylon  
  15  0:37  Pylon  
  15  0:47  Probe  
  16  0:51  Gateway  
  16  0:58  Assimilator  
  16  1:03  Assimilator, Probe  
  17  1:20  Pylon  
  17  1:27  Forge  
  17  1:42  Cybernetics Core  
  17  2:01  Probe  
  17  2:02  Nexus  
  18  2:09  Probe  
  19  2:19  Probe  
  20  2:36  Pylon  
  20  2:46  Probe  
  21  2:58  Probe  
  21  3:05  Photon Cannon  
  22  3:07  Photon Cannon  
  22  3:10  Probe  
  22  3:11  Photon Cannon  
  23  3:22  Twilight Council  
  23  3:28  Probe  
  23  3:30  Probe  
  25  3:37  Probe  
  25  3:38  Probe  
  26  3:45  Probe  
  26  3:47  Probe  
  27  3:52  Pylon  
  29  3:55  Probe  
  29  3:57  Pylon  
  29  3:59  Probe  
  29  4:02  Pylon  
  31  4:07  Probe  
  32  4:11  Probe  
  32  4:14  Assimilator  
  32  4:15  Probe  
  33  4:19  Assimilator  
  33  4:24  Probe x2  
  36  4:32  Probe  
  36  4:34  Probe  
  38  4:40  Pylon  
  38  4:41  Probe  
  38  4:44  Pylon  
  39  4:46  Probe  
  39  4:47  Pylon  
  40  4:53  Probe  
  40  4:57  Protoss Shields Level 1  
  40  4:58  Probe  
  42  5:05  Probe  
  43  5:10  Probe  
  43  5:11  Robotics Facility  
  43  5:12  Robotics Facility  
  44  5:18  Robotics Facility  
  44  5:24  Probe  
  45  5:51  Stalker  
  47  6:00  Pylon  
  47  6:03  Pylon  
  47  6:17  Photon Cannon  
  47  6:21  Stalker, Pylon  
  49  6:26  Photon Cannon  
  49  6:31  Photon Cannon  
  49  6:35  Photon Cannon  
  49  6:47  Photon Cannon  
  49  6:51  Stalker  
  49  6:53  Photon Cannon  
  51  6:56  Observer x3  
  54  7:06  Protoss Ground Armor Level 1  
  54  7:17  Observer x3  
  54  7:21  Stalker  
  59  7:48  Robotics Bay  
  59  8:37  Stalker  
  59  8:40  Blink  
  61  8:47  Extended Thermal Lance  
  61  8:53  Colossus  
  61  8:54  Colossus x2  
  79  9:07  Stalker  
  81  9:14  Protoss Ground Weapons Level 1  
  81  9:37  Stalker  
  83  10:07  Stalker  
  85  10:28  Gravitic Boosters  
  85  10:38  Colossus x3  
  103  10:57  Pylon  
  103  11:07  Pylon  
  103  11:11  Pylon  
  103  11:23  Protoss Shields Level 2  
  103  11:32  Colossus x3  
  115  11:35  Stalker  
  123  12:05  Stalker  
  125  12:35  Stalker  
  127  13:05  Stalker  
  129  13:35  Stalker  
Show
View Real Time Build Order
Export as new Build Order

Thrawn Protoss - Winner!

Build Orders: Carriers 

Get SALT Encoding   

  1  0:00  Probe  
  12  0:07  Probe  
  14  0:17  Probe  
  15  0:22  Pylon  
  15  0:40  Probe  
  15  0:41  Assimilator  
  16  0:52  Probe  
  17  1:00  Probe  
  17  1:08  Probe  
  19  1:18  Probe  
  19  1:25  Nexus  
  20  1:30  Probe  
  21  1:35  Assimilator  
  21  1:40  Forge  
  21  1:43  Probe  
  22  1:55  Probe  
  23  2:08  Gateway  
  23  2:17  Pylon  
  23  2:23  Pylon  
  23  2:25  Assimilator  
  23  2:35  Probe  
  24  2:44  Pylon  
  24  2:47  Probe  
  24  2:59  Photon Cannon, Probe  
  24  3:05  Probe  
  26  3:07  Probe  
  27  3:15  Probe, Cybernetics Core  
  27  3:17  Probe  
  29  3:22  Photon Cannon, Pylon  
  29  3:26  Probe  
  29  3:29  Probe  
  29  3:32  Zealot  
  33  3:35  Pylon, Probe  
  33  3:37  Probe  
  35  3:43  Probe  
  35  3:45  Probe  
  35  3:47  Protoss Shields Level 1  
  36  3:52  Probe  
  36  3:53  Stargate  
  37  3:59  Probe  
  39  4:04  Probe  
  39  4:06  Assimilator  
  40  4:11  Probe  
  40  4:15  Stargate  
  40  4:16  Probe  
  42  4:21  Stargate  
  42  4:23  Probe  
  43  4:29  Protoss Air Weapons Level 1  
  43  4:33  Probe  
  44  4:41  Probe  
  44  4:42  Fleet Beacon  
  44  4:45  Pylon  
  45  4:50  Probe  
  46  5:08  Photon Cannon  
  46  5:24  Pylon  
  46  5:27  Carrier  
  52  5:29  Carrier  
  58  5:49  Carrier  
  64  5:50  Zealot  
  66  6:12  Pylon  
  66  6:17  Zealot, Nexus  
  68  6:22  Protoss Air Armor Level 1  
  68  6:31  Carrier  
  74  6:45  Zealot  
  76  6:49  Assimilator  
  76  6:52  Probe  
  77  6:58  Assimilator  
  77  7:04  Probe  
  77  7:06  Pylon  
  72  7:16  Probe  
  72  7:18  Carrier x2  
  72  7:19  Zealot  
  87  7:28  Probe  
  87  7:29  Photon Cannon  
  88  7:30  Probe  
  88  7:33  Photon Cannon  
  88  7:36  Carrier  
  95  7:38  Probe  
  95  7:41  Probe  
  97  7:46  Zealot  
  97  7:48  Probe  
  100  7:54  Probe  
  101  8:06  Probe  
  102  8:13  Zealot  
  104  8:23  Carrier  
  103  8:31  Carrier  
  103  8:33  Protoss Air Weapons Level 2  
  108  8:39  Twilight Council  
  107  8:42  Pylon  
  107  8:55  Probe  
  107  9:00  Probe  
  115  9:03  Carrier, Probe  
  116  9:12  Probe  
  116  9:13  Probe  
  118  9:17  Charge  
  118  9:24  Probe  
  118  9:25  Probe  
  120  9:36  Probe  
  121  9:42  Photon Cannon  
  121  9:43  Photon Cannon  
  121  9:46  Pylon  
  121  9:47  Photon Cannon  
  121  9:53  Photon Cannon  
  121  10:01  Pylon  
  121  10:02  Pylon  
  121  10:04  Carrier x2  
  121  10:06  Gateway  
  133  10:09  Shield Battery  
  133  10:19  Carrier  
  113  11:08  Carrier x2  
  125  11:22  Protoss Ground Armor Level 1  
  125  11:23  Carrier  
  125  11:24  Zealot  
  133  11:27  Protoss Air Armor Level 2  
  133  11:51  Zealot  
  129  12:18  Carrier x2, Zealot  
  143  12:28  Carrier  
  149  13:03  Nexus  
  143  13:35  Carrier  
  149  14:15  Carrier x2  
  161  14:49  Pylon  
  161  14:50  Pylon  
  161  14:52  Pylon  
  161  14:53  Pylon  
Tags
 
Add a new tag
Caveats
  • Supply blocks, unpowered buildings, or Contaminate may cause inaccurate times.
  • Supply counts are checked every 10 seconds.